 Dungeon Crawl Stone Soup version 0.30-b1-2-g02819fbbbe (webtiles) character file.

Game seed: 13612905612789094096

2394 raph the Arsonist (level 9, -2/51 HPs)
             Began as a Deep Elf Fire Elementalist on Oct 9, 2023.
             Was a Believer of Vehumet.
             Killed from afar by an acid dragon (24 damage)
             ... with a splash of acid
             ... on level 7 of the Dungeon.
             The game lasted 00:11:25 (7617 turns).

raph the Arsonist (Deep Elf Fire Elementalist)      Turns: 7617, Time: 00:11:26

Health: -2/51      AC:  6    Str:  5    XL:     9   Next: 22%
Magic:  2/21       EV: 16    Int: 25    God:    Vehumet [**....]
Gold:   322        SH:  0    Dex: 24    Spells: 8/22 levels left

rFire   + . .        g - +1 dagger (spect)
rCold   . . .        (no shield)
rNeg    . . .        e - +1 robe {rF+}
rPois   .            a - +0 helmet
rElec   .            (no cloak)
rCorr   .            l - +0 pair of gloves {Dex+3}
SInv    .            d - +0 pair of boots
Will    .....        (no amulet)
Stlth   ++++         h - +6 ring of dexterity
HPRegen 0.28/turn    (no ring)
MPRegen 0.17/turn

%: no passive effects
@: no status effects
A: no striking features
a: Renounce Religion


You were on level 7 of the Dungeon.
You worshipped Vehumet.
Vehumet was pleased with you.
You visited 2 branches of the dungeon, and saw 8 of its levels.
You also visited: Ossuary.

You collected 419 gold pieces.
You spent 97 gold pieces at shops.

Inventory:

Hand Weapons
 g - a +1 spectral dagger (weapon)
Missiles
 D - 3 poisoned darts
Armour
 a - a +0 helmet (worn)
 d - a +0 pair of boots (worn)
 e - a +1 robe of fire resistance (worn)
 l - a +0 pair of gloves of dexterity (worn)
Jewellery
 h - a +6 ring of dexterity (left hand)
 n - a ring of poison resistance
 v - an amulet of guardian spirit
Wands
 t - a wand of digging (3)
Scrolls
 o - a scroll of brand weapon
 r - a scroll of fear
 s - a scroll of summoning
 u - 2 scrolls of identify
 w - 2 scrolls of fog
 y - a scroll of poison {unknown}
 A - a scroll of immolation
 B - a scroll of silence {unknown}
 C - a scroll of blinking
Potions
 b - 3 potions of magic
 c - 3 potions of resistance
 f - 6 potions of might
 i - a potion of brilliance
 j - 3 potions of mutation
 k - 3 potions of flight
 m - 2 potions of invisibility
 p - 3 potions of curing
 q - 3 potions of haste
 x - 2 potions of cancellation {unknown}
 z - a potion of attraction {unknown}


   Skills:
 + Level 3.3 Fighting
 + Level 5.7 Dodging
 + Level 6.1 Stealth
 + Level 7.0 Spellcasting
 * Level 5.4 Conjurations
 + Level 1.0 Translocations
 * Level 8.2 Fire Magic


You had 8 spell levels left.
You knew the following spells:

 Your Spells              Type           Power      Damage    Failure   Level
a - Foxfire               Conj/Fire      100%       2x1d9     1%          1
b - Scorch                Fire           100%       2d9       1%          2
c - Inner Flame           Hex/Fire       29%        N/A       3%          3
d - Flame Wave            Conj/Fire      43%        2d11      4%          4
e - Iskenderun's Mystic   Conj/Tloc      25%        2d7       17%         4

Your spell library contained the following spells:

 Spells                   Type           Power      Damage    Failure   Level
 Freeze                   Ice            32%        1d5       7%          1
 Volatile Blastmotes      Fire/Tloc      62%        2d15      3%          3
 Necrotise                Necr           32%        1d5       7%          1
 Dazzling Flash           Conj/Hex       44%        N/A       7%          3
 Ozocubu's Armour         Ice            8%         N/A       21%         3
 Vampiric Draining        Necr           8%         2d6       21%         3
 Starburst                Conj/Fire      21%        6d7       52%         6
 Agony                    Necr           8%         N/A       88%         5
 Ozocubu's Refrigeration  Ice            4%         4d8       100%        7


Dungeon Overview and Level Annotations

Branches:
Dungeon (7/15)             Temple (1/1) D:5         Ossuary (visited)

Altars:
Ashenzari
Cheibriados
Dithmenos
Elyvilon
Fedhas
Gozag
Hepliaklqana
Kikubaaqudgha
Makhleb
Nemelex Xobeh
Okawaru
Qazlal
Ru
Sif Muna
Trog
Uskayaw
Vehumet
Xom
Zin
The Shining One

Shops:
D:1 =   D:2 *

Annotations:
D:6 3 runed translucent doors, KuroJack's ghost, weakling GrEE


Message History

Confirm with . or Enter, or press ? or * to list all spells.
Flames lash the orc wizard.
The orc wizard is burned terribly!
You kill the orc wizard!
Vehumet accepts your kill.
Your Translocations skill increases to level 1!
Things that are here:
a +0 dagger; a +0 robe; an orc corpse You start resting.
An acid dragon comes into view.
An acid dragon is nearby!
Casting: Scorch (safe; 1% risk of failure)
Confirm with . or Enter, or press ? or * to list all spells.
You erupt in a blast of force!
The mystic blast hits the acid dragon.
The acid dragon is lightly wounded.
The acid dragon roars!
The acid dragon is knocked back by the mystic blast.
Unknown command.
Casting: Iskenderun's Mystic Blast (quite dangerous; 17% risk of failure)
Confirm with . or Enter, or press ? or * to list all spells.
Flames lash the acid dragon.
The acid dragon is heavily wounded.
The acid dragon's fire resistance burns away.
The acid dragon spits acid at you. The splash of acid hits you!!
Casting: Scorch (safe; 1% risk of failure)
Confirm with . or Enter, or press ? or * to list all spells.
You don't have enough magic to cast this spell.
Unknown command.
The acid dragon bites you. The acid dragon claws you.
Casting: Scorch (safe; 1% risk of failure)
Confirm with . or Enter, or press ? or * to list all spells.
You conjure some foxfire!
The acid dragon bites you! The acid dragon closely misses you.
The foxfire hits the acid dragon.
The acid dragon is burned terribly!
The acid dragon is heavily wounded.
The foxfire hits the acid dragon but does no damage.
The acid dragon is heavily wounded.
The acid dragon spits acid at you. The splash of acid hits you!!
You die...

........))......
...##.†..))..... #.#
####.#...#.. ###.#
#.#...# ...# #>#...#
#..# #<#...# ##.####§.#
#)#...#.#
#....D.§.######.......#
#..#.#@.)....)..##.####
.........#.#.###.# #
.#.####..#.#.# #.# #
....#.... )..
####.#.......##
#.#........ #......#.##
###.##.... # #.


You could see an acid dragon (catching breath, combustible).

Vanquished Creatures
  Pikel (D:4)
  Grinder (D:6)
  Duvessa (D:5)
  3 black bears
  3 ogres (D:4)
  2 phantoms (D:6)
  2 bullfrogs
  3 scorpions
  Dowan (D:5)
  A howler monkey (D:6)
  3 hounds (D:5)
  2 jellies
  4 iguanas (D:5)
  A sleepcap (D:6)
  3 orc wizards (D:7)
  8 mummies (Ossuary)
  3 gnolls (D:2)
  5 adders
  2 ufetubi
  A worm (D:2)
  2 dart slugs
  11 orcs
  6 ball pythons
  4 endoplasms
  2 goblins (D:2)
  4 hobgoblins
  4 jackals (D:4)
  2 quokkas
  4 bats
  5 frilled lizards
  2 hobgoblin zombies (Ossuary)
  7 kobolds
  4 kobold zombies (Ossuary)
  2 orc zombies (Ossuary)
  4 rats
  2 rat zombies (D:6)
115 creatures vanquished.

Vanquished Creatures (others)
  452 foxfires
452 creatures vanquished.

Grand Total: 567 creatures vanquished

Notes
Turn   | Place    | Note
-------+----------+-------------------------------------------
     0 | D:1      | raph the Deep Elf Fire Elementalist began the quest for the
                  | Orb.
     0 | D:1      | Reached XP level 1. HP: 10/10 MP: 6/6
   612 | D:1      | Reached XP level 2. HP: 15/15 MP: 2/8
   669 | D:1      | Learned a level 2 spell: Scorch
   832 | D:1      | Found Yjeuf's Jewellery Shop.
  1423 | D:2      | Reached skill level 4 in Fire Magic
  1510 | D:2      | Found Pelade's General Store.
  1515 | D:2      | Reached XP level 3. HP: 19/19 MP: 7/10
  1518 | D:2      | Bought a potion of degeneration for 13 gold pieces
  1518 | D:2      | Bought a scroll of identify for 26 gold pieces
  1760 | D:2      | Learned a level 3 spell: Inner Flame
  2270 | D:2      | Reached XP level 4. HP: 24/24 MP: 7/11
  2275 | D:2      | Learned a level 4 spell: Flame Wave
  2513 | D:2      | Bought a +0 pair of boots for 58 gold pieces
  3576 | D:4      | Noticed a scorpion
  3582 | D:4      | Killed a scorpion
  3583 | D:4      | Reached XP level 5. HP: 28/28 MP: 6/13
  3833 | D:4      | Noticed an ogre
  3844 | D:4      | Killed an ogre
  3845 | D:4      | Reached skill level 1 in Fighting
  3845 | D:4      | Reached skill level 5 in Fire Magic
  4065 | D:4      | Noticed an ogre
  4196 | D:4      | Killed an ogre
  4197 | D:4      | Reached XP level 6. HP: 34/34 MP: 0/14
  4307 | D:4      | Noticed Pikel
  4320 | D:4      | Killed Pikel
  4321 | D:4      | Reached skill level 5 in Spellcasting
  4321 | D:4      | Reached skill level 6 in Fire Magic
  4321 | D:4      | Reached XP level 7. HP: 14/40 MP: 15/17
  4771 | D:5      | Entered Level 5 of the Dungeon
  5080 | D:5      | Reached XP level 8. HP: 45/45 MP: 9/18
  5305 | D:5      | Found a staircase to the Ecumenical Temple.
  5314 | Temple   | Entered the Ecumenical Temple
  5314 | Temple   | Found a transporter.
  5314 | Temple   | Found a transporter.
  5316 | Temple   | Found a transporter.
  5316 | Temple   | Found a transporter.
  5359 | Temple   | Became a worshipper of Vehumet
  5403 | D:5      | Noticed Duvessa
  5403 | D:5      | Noticed Dowan
  5408 | D:5      | Killed Dowan
  5408 | D:5      | Killed Duvessa
  5409 | D:5      | Reached skill level 5 in Stealth
  5409 | D:5      | Reached skill level 7 in Fire Magic
  5978 | D:5      | Found a glowing silver altar of Zin.
  6320 | D:6      | Noticed KuroJack's ghost (weakling GrEE)
  6346 | D:6      | Noticed Grinder
  6352 | D:6      | Paralysed by Grinder for 3 turns
  6358 | D:6      | Reached skill level 5 in Dodging
  6364 | D:6      | Killed Grinder
  6424 | D:6      | Reached skill level 5 in Conjurations
  6528 | D:6      | Reached XP level 9. HP: 48/51 MP: 5/21
  6538 | D:6      | Reached skill level 8 in Fire Magic
  6544 | D:6      | Learned a level 4 spell: Iskenderun's Mystic Blast
  6553 | D:6      | Found a sand-covered staircase.
  6570 | Ossuary  | Entered an ossuary
  6709 | Ossuary  | Reached * piety under Vehumet
  6709 | Ossuary  | Offered knowledge of Freeze by Vehumet.
  7169 | D:6      | Found a runed translucent gate.
  7169 | D:6      | Found a runed translucent gate.
  7169 | D:6      | Found a runed translucent gate.
  7581 | D:7      | Reached ** piety under Vehumet
  7582 | D:7      | Reached skill level 1 in Translocations
  7617 | D:7      | Killed from afar by an acid dragon

Illustrated notes

Levels and vault maps discovered:
D:1:      nzn_arrival_settlement, layout_basic, serial_shops,
          nicolae_shop_temple_entry_statues_fountains, minmay_tripent
D:2:      layout_basic, serial_shops, shop
D:3:      layout_loops_cross, minmay_misc_feat_rows,
          minmay_misc_feat_nine_boxes, chequers_serial_rivers_marsh,
          minmay_checkerbox
D:4:      layout_basic, uniq_pikel
D:5:      layout_gridville, zin_statuary, temple_fountains,
          minmay_crystal_water, uniq_duvessa
D:6:      layout_basic, enter_ossuary_4, gammafunk_ghost_icy, uniq_grinder
D:7:      layout_loops_cross
Temple:   hellmonk_temple_divided_pantheon

Skill      XL: |  1  2  3  4  5  6  7  8  9 |
---------------+----------------------------+-----
Fire Magic     | 4 5 6 7 8 |  8.2
Conjurations   | 2 3 4 5 |  5.4
Spellcasting   | 4 5 6 7 |  7.0
Fighting       | 1 2 3 |  3.3
Dodging        | 3 4 5 |  5.7
Stealth        | 3 4 5 6 |  6.1
Translocations | 1 |  1.0

Action                     |  1- 3 |  4- 6 |  7- 9 || total
---------------------------+-------+-------+-------++-------
  Melee: Unarmed           |     2 |       |       ||     2
         Dagger            |     1 |     3 |     2 ||     6
   Cast: Foxfire           |    68 |    87 |   104 ||   259
         Scorch            |     3 |     7 |    14 ||    24
         Flame Wave        |       |     2 |    12 ||    14
         Inner Flame       |       |     1 |     6 ||     7
         Iskenderun's Myst |       |       |     2 ||     2
    Use: Scroll            |     3 |     8 |     5 ||    16
         Potion            |       |     1 |       ||     1
 Armour: Robe              |     2 |     6 |    11 ||    19
  Dodge: Dodged            |     7 |    13 |    24 ||    44
